Map: LotV Custom - Nimbus LE - Archon Mode

Players

Filcod

  • Race: Zerg Zerg
  • Spawn Location: 7:00

Hindulaatti - Winner!

  • Race: Terran Terran
  • League: Platinum
  • Spawn Location: 1:00

Warp

  • Race: Zerg Zerg

MiniNinja - Winner!

  • Race: Terran Terran

VOD

Have the link to the VOD?

Description

Time

  • Played on: April 2, 2015, 9:48 a.m.
  • Length: 13:28
Show
View Real Time Build Order
Export as new Build Order

Filcod Zerg 

Build Orders: Pool First 

Get SALT Encoding   

  12  0:02  Drone  
  13  0:09  Drone  
  14  0:19  Overlord  
  14  0:32  Overlord  
  14  0:37  Drone x2  
  16  0:47  Drone  
  17  0:55  Extractor  
  16  1:00  Spawning Pool  
  16  1:03  Drone  
  16  1:05  Extractor  
  15  1:20  Drone x2  
  17  1:47  Hatchery  
  17  1:52  Drone  
  17  1:56  Drone  
  18  2:01  Drone  
  20  2:08  Drone  
  20  2:20  Queen  
  22  2:33  Drone  
  22  2:34  Drone  
  24  2:38  Baneling Nest  
  24  2:42  Drone  
  24  2:56  Queen  
  26  2:59  Drone  
  27  3:07  Drone x2  
  29  3:13  Drone  
  30  3:20  Drone  
  30  3:21  Drone  
  30  3:24  Drone  
  33  3:31  Metabolic Boost  
  33  3:38  Queen  
  35  3:47  Drone  
  36  3:53  Overlord x3  
  36  4:06  Extractor  
  36  4:08  Extractor  
  36  4:09  Drone x2  
  36  4:11  Drone  
  36  4:13  Lair  
  37  4:22  Overlord x2  
  37  4:29  Zergling x2  
  37  4:30  Zergling x4  
  37  4:31  Zergling x4  
  42  4:37  Zergling x2  
  43  4:46  Drone x4  
  47  5:01  Zergling x2  
  47  5:02  Zergling x10  
  53  5:16  Drone x6  
  53  5:18  Drone  
  60  5:22  Hatchery  
  59  5:29  Zergling x2  
  59  5:30  Overlord  
  59  5:31  Overlord  
  59  5:38  Baneling  
  59  5:39  Baneling x4  
  59  5:40  Baneling x5  
  59  5:43  Drone  
  60  5:51  Burrow  
  60  5:57  Drone x5  
  60  5:58  Drone x2  
  60  6:02  Drone  
  60  6:03  Drone  
  69  6:11  Roach Warren  
  68  6:14  Centrifical Hooks  
  68  6:18  Zergling x2  
  60  6:26  Baneling  
  60  6:28  Baneling  
  60  6:29  Baneling x4  
  60  6:30  Baneling x6  
  60  6:31  Baneling x2  
  60  6:35  Zergling x2  
  60  6:36  Zergling x8  
  60  6:38  Zergling x2  
  66  6:40  Zergling x2  
  67  7:01  Baneling x16  
  67  7:02  Baneling  
  67  7:05  Roach  
  67  7:06  Roach x2  
  67  7:07  Zergling x2  
  69  7:26  Evolution Chamber  
  67  7:31  Evolution Chamber  
  67  7:33  Zergling x6  
  67  7:34  Zergling x4  
  59  7:42  Roach x3  
  59  7:43  Roach x2  
  56  7:51  Baneling x2  
  50  8:04  Roach x2  
  54  8:07  Roach x4  
  54  8:09  Glial Reconstitution  
  55  8:19  Baneling x6  
  55  8:24  Roach  
  55  8:25  Zergling x2  
  55  8:26  Zergling x2  
  59  8:29  Zergling x4  
  53  8:41  Zergling x2  
  53  8:42  Zergling x4  
  56  8:48  Baneling x2  
  56  8:49  Baneling x4  
  52  9:27  Roach x6  
  52  9:29  Roach  
  61  9:32  Zergling x2  
  61  9:33  Zergling x6  
  65  9:38  Zergling x2  
  65  9:41  Drone  
  59  10:10  Hatchery  
  56  10:31  Roach x2, Baneling x2  
  56  10:32  Baneling  
  36  11:51  Queen  
  36  11:53  Drone x3  
  41  12:08  Drone  
  42  12:25  Drone  
  43  12:52  Hatchery  
Show
View Real Time Build Order
Export as new Build Order

Hindulaatti Terran - Winner!

Build Orders: MMM Bio 

Get SALT Encoding   

  12  0:54  Supply Depot  
  12  0:59  Refinery  
  12  1:02  Command Center  
  12  1:07  SCV  
  13  1:21  SCV  
  14  1:33  SCV  
  14  1:35  Barracks  
  15  1:45  SCV  
  16  1:58  Barracks  
  16  1:59  SCV  
  17  2:04  Supply Depot  
  17  2:11  SCV  
  18  2:18  Barracks  
  18  2:25  Orbital Command  
  18  2:27  Barracks Tech Lab  
  18  2:34  Orbital Command  
  18  2:46  Stimpack  
  18  2:48  Marine, Barracks Reactor  
  20  2:51  SCV  
  20  3:02  SCV  
  20  3:03  SCV  
  22  3:06  Marine, Barracks Reactor  
  23  3:14  SCV  
  23  3:15  SCV  
  25  3:26  SCV  
  26  3:27  Marine x2, SCV  
  26  3:28  Marine  
  26  3:30  Supply Depot  
  26  3:32  Supply Depot  
  26  3:33  Factory  
  30  3:38  SCV  
  30  3:39  SCV  
  32  3:43  Marine x2  
  32  3:45  Marine x2  
  36  3:50  Marauder  
  36  3:52  SCV x2  
  40  4:00  Supply Depot  
  40  4:01  Marine x2  
  40  4:02  Refinery  
  42  4:04  SCV x2  
  42  4:05  Engineering Bay, Marine  
  45  4:13  Marauder, Marine  
  48  4:18  Marine  
  48  4:22  SCV x2  
  48  4:23  Marine x2  
  53  4:25  Widow Mine  
  53  4:30  Starport  
  53  4:31  Marine  
  55  4:34  Marine, SCV x2  
  55  4:36  Marine  
  59  4:47  Refinery  
  59  4:49  Terran Infantry Weapons Level 1  
  59  4:50  Engineering Bay  
  59  4:51  Marine x3  
  62  4:58  Supply Depot  
  62  5:01  Supply Depot  
  62  5:04  Widow Mine  
  62  5:05  Marine x2  
  66  5:07  Starport Reactor  
  66  5:14  SCV x2  
  66  5:15  Refinery  
  66  5:16  Terran Infantry Armor Level 1  
  68  5:22  Combat Shields  
  68  5:24  Marine x5  
  68  5:28  SCV x2  
  75  5:38  Widow Mine  
  75  5:41  Marine x2  
  75  5:42  Marine x2, SCV  
  84  5:43  Marauder, SCV  
  84  5:49  Supply Depot  
  85  6:02  Supply Depot  
  85  6:04  Medivac, Supply Depot, Marine  
  85  6:05  Marine x4  
  85  6:07  Medivac  
  94  6:20  Armory  
  94  6:22  Marine  
  94  6:23  Marine  
  95  6:30  Supply Depot, Widow Mine, Marine x3  
  100  6:34  Medivac  
  100  6:37  Medivac  
  104  6:40  Marine  
  104  6:42  Marine  
  106  6:48  Marine x2  
  106  6:49  Marauder  
  110  7:01  Marine  
  110  7:02  Marine  
  110  7:05  Marine  
  110  7:06  Marine  
  110  7:07  Command Center  
  114  7:10  Marauder  
  114  7:12  Medivac x2  
  104  7:51  Marine, SCV x2  
  93  7:52  Marine x4  
  93  8:09  Marine x2  
  93  8:10  Marine  
  93  8:11  Marine x2  
  93  8:12  Medivac x2, Widow Mine  
  104  8:27  Marine x2  
  104  8:28  Marine  
  104  8:29  Marine  
  102  8:37  Command Center  
  102  8:45  Marine x3  
  102  8:46  Marine x2  
  107  9:00  Orbital Command  
  107  9:02  SCV x2  
  109  9:03  Marine x3  
  109  9:04  Marine  
  104  9:10  Marine  
  104  9:14  SCV x2  
  107  9:19  Refinery  
  107  9:20  Marine, Barracks  
  107  9:21  Marine x2  
  107  9:22  Marine, Barracks  
  107  9:23  Starport  
  107  9:24  Refinery  
  106  9:28  Marine  
  107  9:38  Marine  
  107  9:39  Marine x3  
  110  9:58  Orbital Command  
  110  9:59  SCV  
  110  10:00  SCV x2  
  110  10:03  Terran Infantry Weapons Level 2  
  110  10:04  Terran Infantry Armor Level 2  
  111  10:11  SCV  
  111  10:12  Widow Mine, SCV  
  111  10:13  Medivac x2  
  111  10:14  Barracks Tech Lab x2  
  117  10:35  Marauder x3, Marine x4  
  122  10:52  Marine  
  122  10:53  Marine x3  
  122  10:56  Marauder x3  
  131  11:04  Refinery  
  131  11:05  Refinery  
  131  11:09  Starport Tech Lab  
  131  11:10  Marine x2  
  131  11:11  Marine x2  
  132  11:15  Starport x2  
  132  11:17  Marauder, Marine, SCV  
  132  11:18  Marauder, SCV x3  
  142  11:24  Supply Depot  
  141  11:25  Supply Depot  
  141  11:28  Marine x3  
  141  11:29  Marine, SCV  
  142  11:36  Marauder  
  142  11:38  Marine  
  142  11:39  Marauder  
  147  11:46  Marine x2  
  149  11:50  Supply Depot  
  149  11:51  Concussive Shells  
  149  11:53  Medivac x2  
  153  11:54  Starport Tech Lab  
  153  11:55  Starport Tech Lab  
  153  12:04  Factory Tech Lab  
  153  12:25  Command Center  
  153  12:33  Command Center  
  153  12:36  Command Center  
  151  12:38  Command Center x2  
  157  13:02  Command Center  
Show
View Real Time Build Order
Export as new Build Order

Warp Zerg 

Build Orders:  

Get SALT Encoding   

Show
View Real Time Build Order
Export as new Build Order

MiniNinja Terran - Winner!

Build Orders:  

Get SALT Encoding   

Tags
 
Add a new tag
Caveats
  • Supply blocks, unpowered buildings, or Contaminate may cause inaccurate times.
  • Supply counts are checked every 10 seconds.